[Event "January 2 Early 2024"]
[Site "https://www.chess.com"]
[Date "2024.01.02"]
[Round "2"]
[White "Hammer, Jon Ludvig"]
[Black "Yashmetov, Mikhail"]
[Result "1-0"]
[Board "92"]
[TimeControl "180+1"]
[WhiteFideId "1503707"]
[BlackFideId "24198900"]
[WhiteElo "2777"]
[BlackElo "2532"]
[WhiteTeam "NOR"]
[BlackTeam "RUS"]
[WhiteClock "0:00:11"]
[BlackClock "0:00:15"]

1. e4 c6 2. Nf3 d5 3. Nc3 dxe4 4. Nxe4 Nf6 5. Qe2 Nxe4 6. Qxe4 Nd7 7. d4 Nf6 8. Qd3 Qd5 9. Be2 Bf5 10. Qd1 e6 11. O-O Be7 12. c4 Qa5 13. a3 O-O 14. Nh4 Rad8 15. Be3 Be4 16. Qb3 b5 17. cxb5 Bd5 18. Qd3 Be4 19. Qd2 Qxd2 20. Bxd2 cxb5 21. Bxb5 Nd5 22. Nf3 Bxf3 23. gxf3 Bf6 24. Rac1 Bxd4 25. Rc2 Rb8 26. a4 Rb6 27. b3 h5 28. Rfc1 g6 29. Rc8 Rxc8 30. Rxc8+ Kg7 31. Ra8 Rb7 32. Rc8 Bf6 33. h3 Bd4 34. Kg2 Rb6 35. f4 Ne7 36. Rc7 Nf5 37. Rc6 Ne7 38. Rxb6 axb6 39. b4 Nd5 40. a5 bxa5 41. bxa5 Kf6 42. Kf3 Ke7 43. Bc6 Nc7 44. Bb7 Kd6 45. a6 Ba7 46. Be3 Nb5 47. Be4 Kc7 48. Bd3 Bxe3 49. fxe3 Na7 50. Ke4 Kb6 51. Ke5 Nc6+ 52. Kf6 Nb4 53. Bc4 Nxa6 54. Bxa6 Kxa6 55. Kxf7 Kb5 56. Kxg6 Kc4 57. Kf6 Kd3 58. Kxe6 Kxe3 59. f5 Kf4 60. f6 Kg3 61. f7 Kxh3 62. f8=Q h4 63. Qf3+ Kh2 64. Qg4 h3 65. Kf5 Kh1 66. Qxh3+ Kg1 67. Qc3 Kh1 68. Qc2 Kg1 69. Kg4 Kf1 70. Kf3 Ke1 71. Qe2# 1-0

[Event "January 2 Early 2024"]
[Site "https://www.chess.com"]
[Date "2024.01.02"]
[Round "2"]
[White "Van Roon, Sjoerd"]
[Black "Krzyzanowski, Marcin"]
[Result "0-1"]
[Board "93"]
[TimeControl "180+1"]
[WhiteFideId "1051075"]
[BlackFideId "1132199"]
[WhiteElo "2521"]
[BlackElo "2774"]
[WhiteTeam "NED"]
[BlackTeam "POL"]
[WhiteClock "0:00:00"]
[BlackClock "0:02:45"]

1. e4 c5 2. Nf3 d6 3. d4 cxd4 4. Nxd4 Nf6 5. Nc3 a6 6. Be3 e5 7. Nb3 Be6 8. f3 h5 9. Nd5 Nxd5 10. exd5 Bf5 11. Bd3 Bxd3 0-1

[Event "January 2 Early 2024"]
[Site "https://www.chess.com"]
[Date "2024.01.02"]
[Round "2"]
[White "Kosteniuk, Alexandra"]
[Black "Petukhov, Dmitry"]
[Result "1/2-1/2"]
[Board "94"]
[TimeControl "180+1"]
[WhiteFideId "4128125"]
[BlackFideId "4142748"]
[WhiteElo "2773"]
[BlackElo "2510"]
[WhiteTeam "SUI"]
[BlackTeam "RUS"]
[WhiteClock "0:00:24"]
[BlackClock "0:00:15"]

1. d4 Nf6 2. c4 g6 3. Nc3 d5 4. cxd5 Nxd5 5. Nf3 Bg7 6. e3 O-O 7. Bc4 Nb6 8. Bd3 c5 9. dxc5 Nd5 10. Bd2 Nf4 11. Bf1 Nd3+ 12. Bxd3 Qxd3 13. Qe2 Qxe2+ 14. Kxe2 Nc6 15. Rac1 Rd8 16. Rhd1 b6 17. Nb5 Ba6 18. a4 Bxb2 19. cxb6 Bxc1 20. Rxc1 Rac8 21. bxa7 Nxa7 22. Rb1 Rc4 23. Nxa7 Rb4+ 24. Nb5 Rxb1 25. Nd4 Ra1 26. Nc6 Rxa4 27. Nxd8 Bxb5+ 28. Kf3 Ra7 29. Bb4 Rd7 30. Ba5 Kf8 31. Kf4 Ke8 32. Kg5 Bd3 33. Kh6 Rxd8 34. Bxd8 Kxd8 35. Kxh7 Kd7 36. Kg7 Ke6 37. g4 g5 38. f4 gxf4 39. exf4 Be2 40. g5 Bh5 41. h4 Kf5 42. Kh6 Bf3 43. Kg7 Bd5 44. h5 Kxf4 45. h6 Be4 46. Kxf7 Kxg5 47. Kxe7 Kxh6 1/2-1/2

[Event "January 2 Early 2024"]
[Site "https://www.chess.com"]
[Date "2024.01.02"]
[Round "2"]
[White "Weisz, Bryan"]
[Black "Novozhilov, Semen"]
[Result "0-1"]
[Board "95"]
[TimeControl "180+1"]
[WhiteFideId "30934133"]
[BlackFideId "24289167"]
[WhiteElo "2505"]
[BlackElo "2772"]
[WhiteTeam "USA"]
[BlackTeam "RUS"]
[WhiteClock "0:00:13"]
[BlackClock "0:02:00"]

1. e4 c5 2. Nf3 Nc6 3. d4 cxd4 4. Nxd4 Nf6 5. Nc3 d6 6. Nd5 Nxd5 7. exd5 Qa5+ 8. Bd2 Qxd5 9. Nb5 Qe6+ 10. Be2 Qd7 11. c4 a6 12. Nc3 e6 13. O-O Be7 14. Bf3 O-O 15. Re1 b6 16. Be3 Rb8 17. Na4 Qc7 18. Qb3 Na5 19. Bxb6 Qxc4 20. Qxc4 Nxc4 21. Bc7 Rb4 22. b3 Ne5 23. Bd1 Bb7 24. Ba5 Rb5 25. Bc3 Nd3 26. Re3 Nf4 27. Rg3 e5 28. Bd2 Rc8 29. Nc3 Rbc5 30. Na4 Rd5 31. Bxf4 exf4 32. Rg4 Rd4 33. g3 Bf6 34. Rb1 Rxd1+ 35. Rxd1 Bf3 36. Rxf4 Bxd1 37. Rd4 Bf3 38. Rxd6 Rc1+ 0-1

[Event "January 2 Early 2024"]
[Site "https://www.chess.com"]
[Date "2024.01.02"]
[Round "2"]
[White "Garcia Ramos, Daniel"]
[Black "Beydullayeva, Govhar"]
[Result "1-0"]
[Board "96"]
[TimeControl "180+1"]
[WhiteFideId "32010311"]
[BlackFideId "13413015"]
[WhiteElo "2768"]
[BlackElo "2475"]
[WhiteTeam "ESP"]
[BlackTeam "AZE"]
[WhiteClock "0:00:10"]
[BlackClock "0:00:04"]

1. e4 c5 2. Nf3 d6 3. d4 cxd4 4. Nxd4 Nf6 5. f3 e5 6. Nb3 Be7 7. c4 Be6 8. Nc3 Nc6 9. Be3 Nd7 10. Qd2 O-O 11. Be2 Bh4+ 12. g3 Be7 13. O-O Nc5 14. Rfd1 Nxb3 15. axb3 f5 16. exf5 Bxf5 17. Bd3 Bxd3 18. Qxd3 Kh8 19. Kg2 Qe8 20. Qe4 Qh5 21. Nd5 Bg5 22. Bf2 Rf7 23. Rd3 Raf8 24. h4 Bd8 25. Rf1 a5 26. g4 Qh6 27. Be3 Qe6 28. Bg5 Bxg5 29. hxg5 Qg6 30. Qxg6 hxg6 31. Nc3 Nd4 32. Ne4 Rd7 33. f4 Ne6 34. f5 Nf4+ 35. Rxf4 exf4 36. f6 Kg8 37. Kf3 Rfd8 38. Kxf4 d5 39. Nc5 Rf7 40. Ne6 Re8 41. Ke5 gxf6+ 42. gxf6 g5 43. cxd5 Kh7 44. Rh3+ Kg6 45. Rh5 Rxf6 46. Rxg5+ Kh6 47. Kxf6 1-0

[Event "January 2 Early 2024"]
[Site "https://www.chess.com"]
[Date "2024.01.02"]
[Round "2"]
[White "Srebrnic, Marko"]
[Black "Munkhgal, Gombosuren"]
[Result "0-1"]
[Board "97"]
[TimeControl "180+1"]
[WhiteFideId "14603616"]
[BlackFideId "4901266"]
[WhiteElo "2472"]
[BlackElo "2764"]
[WhiteTeam "SLO"]
[BlackTeam "MGL"]
[WhiteClock "0:01:05"]
[BlackClock "0:02:33"]

1. e4 c5 2. Nf3 d6 3. g3 g6 4. Bg2 Bg7 5. O-O Nc6 6. c3 Nf6 7. Qe2 O-O 8. Na3 e5 9. Nc2 Bg4 10. h3 Bd7 11. Rd1 Qc8 12. Kh2 Nxe4 13. Qxe4 Bf5 14. Qa4 b5 15. Qxb5 Bxc2 16. Re1 Rb8 17. Qe2 e4 18. Ng1 Bd3 19. Qd1 f5 20. f4 c4 21. b3 d5 22. Ba3 Re8 23. Re3 Qa6 24. Bd6 Rbd8 25. Be5 Nxe5 26. fxe5 Bxe5 27. Ne2 Qd6 28. Qf1 Rf8 29. Kh1 f4 30. gxf4 Rxf4 31. Nxf4 Bxf1 0-1

[Event "January 2 Early 2024"]
[Site "https://www.chess.com"]
[Date "2024.01.02"]
[Round "2"]
[White "Barak, Gil"]
[Black "Bardyk, Artem"]
[Result "0-1"]
[Board "98"]
[TimeControl "180+1"]
[WhiteFideId "2812690"]
[BlackFideId "34349979"]
[WhiteElo "2454"]
[BlackElo "2758"]
[WhiteTeam "ISR"]
[BlackTeam "RUS"]
[WhiteClock "0:00:08"]
[BlackClock "0:00:14"]

1. e4 e5 2. Nf3 Nc6 3. Bb5 Nge7 4. O-O Ng6 5. c3 d5 6. exd5 Qxd5 7. c4 Qd6 8. d4 a6 9. Ba4 exd4 10. Nxd4 Bd7 11. Bxc6 Bxc6 12. Re1+ Be7 13. Nf5 Qxd1 14. Rxd1 O-O 15. Nxe7+ Nxe7 16. Bf4 Rac8 17. Nc3 Ng6 18. Bg3 f5 19. f3 f4 20. Bf2 Rcd8 21. b3 Kf7 22. Rd4 Rxd4 23. Bxd4 Rd8 24. Rd1 b5 25. cxb5 axb5 26. Bc5 Rxd1+ 27. Nxd1 Ne5 28. Nb2 g5 29. Ba7 Ke6 30. Kf2 h5 31. Bd4 g4 32. Bxe5 Kxe5 33. Nd3+ Kf5 34. fxg4+ hxg4 35. Nb4 Be4 36. a4 c5 37. Na2 b4 38. a5 Bc2 39. Nc1 c4 40. bxc4 b3 41. Nxb3 Bxb3 42. c5 Bd5 43. a6 Ke4 44. a7 Bc6 45. h3 g3+ 46. Ke2 Ba8 47. h4 f3+ 48. gxf3+ Kf4 49. h5 Bxf3+ 50. Kf1 Kg5 51. Kg1 Kxh5 52. Kf1 Kg4 53. Kg1 Kf5 54. Kf1 Ke5 55. Kg1 Kd4 56. Kf1 Kxc5 57. Ke1 Kb6 58. Kd2 0-1

[Event "January 2 Early 2024"]
[Site "https://www.chess.com"]
[Date "2024.01.02"]
[Round "2"]
[White "Wagner, Dennis"]
[Black "Shinkarev, M"]
[Result "1-0"]
[Board "99"]
[TimeControl "180+1"]
[WhiteFideId "24650684"]
[BlackFideId "4145348"]
[WhiteElo "2757"]
[BlackElo "2451"]
[WhiteTeam "GER"]
[BlackTeam "RUS"]
[WhiteClock "0:01:56"]
[BlackClock "0:00:00"]

1. d4 Nf6 2. c4 e6 3. Nf3 d5 4. g3 Be7 5. Bg2 O-O 6. O-O c6 7. Qc2 Nbd7 8. Rd1 b6 9. b3 Bb7 10. Nc3 Rc8 11. e4 dxe4 12. Nxe4 Nxe4 13. Qxe4 Nf6 14. Qc2 Qc7 15. Bf4 Bd6 16. Bxd6 Qxd6 17. c5 Qc7 18. Ne5 Nd5 19. Nc4 bxc5 20. dxc5 Ba6 21. Nd6 Rb8 22. a3 h6 23. b4 Rfd8 24. h4 Rxd6 25. cxd6 Qxd6 26. Rac1 Bb5 27. a4 Ba6 28. Bxd5 cxd5 29. b5 Bb7 30. Qc7 Qxc7 31. Rxc7 Kf8 32. a5 Ke8 33. a6 Bc8 34. b6 axb6 35. a7 Ra8 36. Rdc1 Bd7 37. Rb7 1-0

[Event "January 2 Early 2024"]
[Site "https://www.chess.com"]
[Date "2024.01.02"]
[Round "2"]
[White "Micic, Aleksa"]
[Black "Badmatsyrenov, Oleg"]
[Result "0-1"]
[Board "100"]
[TimeControl "180+1"]
[WhiteFideId "989940"]
[BlackFideId "24115762"]
[WhiteElo "2444"]
[BlackElo "2753"]
[WhiteTeam "SRB"]
[BlackTeam "FID"]
[WhiteClock "0:00:17"]
[BlackClock "0:01:15"]

1. e4 c5 2. Nc3 a6 3. Nge2 b5 4. g3 Bb7 5. Bg2 e6 6. d4 cxd4 7. Nxd4 Nf6 8. O-O b4 9. Na4 Bxe4 10. Bxe4 Nxe4 11. Re1 Nc5 12. c3 Nxa4 13. Qxa4 Be7 14. cxb4 Qb6 15. Re4 O-O 16. Be3 Qb7 17. Qc2 f5 18. Re5 Bd6 19. Ra5 Bxb4 20. Ra4 Be7 21. Rc4 a5 22. a3 Na6 23. a4 Nb4 24. Qb3 Rab8 25. Nb5 Nd5 26. Ba7 Qxa7 0-1

[Event "January 2 Early 2024"]
[Site "https://www.chess.com"]
[Date "2024.01.02"]
[Round "2"]
[White "Morales Garcia, Sergio Joshafatt"]
[Black "Oganian, Miran"]
[Result "1/2-1/2"]
[Board "101"]
[TimeControl "180+1"]
[WhiteFideId "5106249"]
[BlackFideId "4122488"]
[WhiteElo "2441"]
[BlackElo "2752"]
[WhiteTeam "MEX"]
[BlackTeam "RUS"]
[WhiteClock "0:00:04"]
[BlackClock "0:00:15"]

1. d4 d5 2. c4 e6 3. Nf3 a6 4. cxd5 exd5 5. Nc3 Nf6 6. Bg5 c6 7. e3 Be7 8. Bd3 Nbd7 9. h3 O-O 10. O-O Re8 11. Rb1 Nf8 12. b4 Bd6 13. Qc2 h6 14. Bf4 Bxf4 15. exf4 Nh5 16. Qd2 Qf6 17. Ne2 Ng6 18. Bxg6 Qxg6 19. Ne5 Qd6 20. g4 Nf6 21. f3 Nd7 22. Ng3 Nf8 23. Kg2 f6 24. Nd3 Ng6 25. Nh5 Bd7 26. Qf2 Re7 27. f5 Rae8 28. Rfe1 Nh8 29. a3 Nf7 30. h4 a5 31. Nhf4 axb4 32. axb4 Qb8 33. Ng6 Rxe1 34. Rxe1 Nh8 35. Nc5 Nxg6 36. fxg6 Qc8 37. Qg3 Rxe1 38. Qxe1 b6 39. Nd3 Kf8 40. h5 Qe8 41. Qxe8+ Kxe8 42. Kf2 Ke7 43. Ke3 Kd6 44. Nf2 c5 45. dxc5+ bxc5 46. bxc5+ Kxc5 47. Nd3+ Kc4 48. Nf4 d4+ 49. Kd2 Kc5 50. Nd3+ Kd5 51. Nf4+ Ke5 52. Ne2 Bc6 53. Ng1 Kf4 54. Ke2 Bb5+ 55. Kf2 d3 56. Nh3+ Ke5 57. Ke3 Bc6 58. Nf2 d2 59. Kxd2 Bxf3 60. Ke3 Bb7 61. Nd3+ Ke6 62. Kf4 Ke7 63. Ne1 Ba6 64. Nc2 Bb7 65. Nd4 Bc8 66. Nc6+ Kd6 67. Nd4 Kd5 68. Ne2 Kc4 69. Ng3 Kd4 70. Ne4 Be6 71. Ng3 Kd5 72. Ne2 Kc5 73. Nc3 Kd6 74. Ne4+ Ke7 75. Ng3 Bc8 76. Ne4 Bb7 77. Nc5 Bc8 78. Nb3 Be6 79. Nd4 Bd7 80. Nf3 Kd6 81. Nd4 Kd5 82. Ne2 Bb5 83. Ng3 Bd3 84. Nf5 Bxf5 85. Kxf5 Kd4 86. Kf4 Kd5 87. Kf5 Kd6 88. Kf4 Ke6 89. Ke4 Ke7 90. Kf4 Kd7 91. Ke4 Kc6 92. Kf4 Kd6 93. Ke4 Kc5 94. Kf4 Kd4 95. Kf3 Kd5 96. Kf4 Kd4 97. Kf5 Kd5 98. Kf4 Ke6 99. Ke4 Ke7 100. Kf4 Kd8 101. Kf5 Kd7 102. Kf4 Kc6 103. Kf5 Kd5 104. Kf4 1/2-1/2

[Event "January 2 Early 2024"]
[Site "https://www.chess.com"]
[Date "2024.01.02"]
[Round "2"]
[White "Leiva, Gianmarco"]
[Black "Zimmermann, Ulrich"]
[Result "0-1"]
[Board "102"]
[TimeControl "180+1"]
[WhiteFideId "3804399"]
[BlackFideId "24654523"]
[WhiteElo "2744"]
[BlackElo "2430"]
[WhiteTeam "PER"]
[BlackTeam "GER"]
[WhiteClock "0:00:06"]
[BlackClock "0:00:48"]

1. d4 Nf6 2. Nf3 e6 3. Bf4 c5 4. e3 cxd4 5. exd4 b6 6. Bd3 Bb7 7. O-O Be7 8. Nbd2 O-O 9. Qe2 d6 10. c3 Nbd7 11. Ba6 Qc8 12. Bxb7 Qxb7 13. Ne1 b5 14. Nd3 a5 15. Qf3 Qxf3 16. Nxf3 Nd5 17. Bg5 Bxg5 18. Nxg5 Rfc8 19. Ne4 Ra6 20. Rfc1 Kf8 21. a4 b4 22. cxb4 Rxc1+ 23. Rxc1 axb4 24. b3 Ke7 25. Rc8 f5 26. Nd2 Ra7 27. Nc4 Nc3 28. Kf1 Na2 29. Rc6 d5 30. Nce5 Nxe5 31. Nxe5 Rb7 32. Ke2 Nc3+ 33. Kd3 Ne4 34. f3 Nd6 35. h4 g6 36. Ke3 Ne8 37. Kf4 Kf6 38. Rc8 Nd6 39. Rd8 Nc4 40. Rd7 Rxd7 41. Nxd7+ Ke7 42. bxc4 b3 43. a5 Kxd7 44. a6 Kc7 45. Ke5 b2 46. a7 Kb7 47. Kxe6 dxc4 48. d5 b1=Q 49. d6 Qe1+ 50. Kd7 Qxh4 0-1

[Event "January 2 Early 2024"]
[Site "https://www.chess.com"]
[Date "2024.01.02"]
[Round "2"]
[White "Spichkin, Alexander"]
[Black "Liyanage, Ranindu Dilshan"]
[Result "0-1"]
[Board "103"]
[TimeControl "180+1"]
[WhiteFideId "4144074"]
[BlackFideId "9915834"]
[WhiteElo "2419"]
[BlackElo "2737"]
[WhiteTeam "RUS"]
[BlackTeam "SRI"]
[WhiteClock "0:00:28"]
[BlackClock "0:00:40"]

1. f4 d5 2. Nf3 g6 3. e3 Bg7 4. Be2 c5 5. O-O Nc6 6. d3 Nf6 7. Kh1 O-O 8. a4 Qc7 9. Nc3 a6 10. e4 d4 11. Nb1 e5 12. Qe1 exf4 13. Qh4 Nh5 14. Na3 h6 15. Nc4 Be6 16. Nfd2 Nf6 17. Qxf4 Qxf4 18. Rxf4 Rad8 19. a5 Nb4 20. Bd1 Nd7 21. Nb3 f5 22. exf5 Bxf5 23. Bd2 g5 24. Rf3 Nc6 25. Nd6 Nde5 26. Rxf5 Rxd6 27. Rxf8+ Bxf8 28. Nxc5 Rf6 29. Bf3 Bxc5 30. Bd5+ Kg7 31. Re1 Rf2 32. Bc1 Rxc2 33. h3 Nxd3 34. Bb3 Nxe1 35. Bxc2 Nxc2 36. Kh2 Bd6+ 37. Kg1 Bf4 38. Bxf4 gxf4 39. Kf2 d3 40. Kf3 N6d4+ 41. Ke4 d2 0-1

[Event "January 2 Early 2024"]
[Site "https://www.chess.com"]
[Date "2024.01.02"]
[Round "2"]
[White "Lewtak, Damian"]
[Black "Batbold, Nyamsuren"]
[Result "1-0"]
[Board "104"]
[TimeControl "180+1"]
[WhiteFideId "1141724"]
[BlackFideId "4903331"]
[WhiteElo "2734"]
[BlackElo "2412"]
[WhiteTeam "POL"]
[BlackTeam "MGL"]
[WhiteClock "0:02:29"]
[BlackClock "0:02:15"]

1. e4 c5 2. Nf3 Nc6 3. Bb5 g6 4. O-O Bg7 5. Bxc6 dxc6 6. Re1 e5 7. a3 Bg4 8. h3 Bxf3 9. Qxf3 Nf6 10. d3 h6 11. Be3 b6 12. Nd2 O-O 13. b4 cxb4 14. axb4 Re8 15. Ra6 Qc7 16. Rea1 Qb7 17. Nc4 Re6 18. Nxb6 1-0

[Event "January 2 Early 2024"]
[Site "https://www.chess.com"]
[Date "2024.01.02"]
[Round "2"]
[White "Zheng, Richard"]
[Black "Grave, Jacob Templen"]
[Result "1-0"]
[Board "105"]
[TimeControl "180+1"]
[WhiteFideId "2624893"]
[BlackFideId "1542656"]
[WhiteElo "2730"]
[BlackElo "2410"]
[WhiteTeam "CAN"]
[BlackTeam "NOR"]
[WhiteClock "0:00:34"]
[BlackClock "0:00:00"]

1. d4 Nf6 2. Bg5 d5 3. e3 c5 4. Bxf6 gxf6 5. dxc5 e6 6. a3 Bxc5 7. c4 dxc4 8. Nc3 Nc6 9. Bxc4 a6 10. Nf3 b5 11. Be2 Bb7 12. Qc2 Qb6 13. Rd1 Rc8 14. O-O O-O 15. Ne4 Be7 16. Qb1 Rfd8 17. Ng3 f5 18. Nxf5 exf5 19. Qxf5 Na5 20. Bd3 Qh6 21. Ne5 Qg7 22. f3 Rc5 23. Qxh7+ Qxh7 24. Bxh7+ Kxh7 25. Rxd8 Bxd8 26. Nxf7 Bb6 27. b4 Rf5 28. Nd6 Bxe3+ 29. Kh1 Rd5 30. Ne4 Nc4 31. Nf6+ Kg6 32. Nxd5 Bxd5 33. Ra1 Nd2 34. a4 Nxf3 35. Ra3 Bc1 36. Rd3 Be4 37. Rd6+ Kf5 38. gxf3 Bxf3+ 39. Kg1 Be3+ 40. Kf1 bxa4 41. Rxa6 Be4 42. Rxa4 Bd3+ 43. Ke1 Bf4 44. h3 Ke5 45. b5 Bxb5 46. Ra5 1-0

[Event "January 2 Early 2024"]
[Site "https://www.chess.com"]
[Date "2024.01.02"]
[Round "2"]
[White "Ferro, Mario"]
[Black "Ten Hertog, Hugo"]
[Result "0-1"]
[Board "106"]
[TimeControl "180+1"]
[WhiteFideId "810290"]
[BlackFideId "1026356"]
[WhiteElo "2410"]
[BlackElo "2725"]
[WhiteTeam "ITA"]
[BlackTeam "NED"]
[WhiteClock "0:00:10"]
[BlackClock "0:00:25"]

1. d4 g6 2. e4 Bg7 3. Nf3 d6 4. Bc4 e6 5. Nc3 a6 6. a4 b6 7. h4 h6 8. Be3 Nd7 9. Qd2 Bb7 10. Rd1 Ngf6 11. Bd3 Ng4 12. Bf4 O-O 13. Nh2 Qxh4 14. Bg3 Qh5 15. Be2 f5 16. Qf4 e5 17. dxe5 Ndxe5 18. exf5 gxf5 19. f3 Nf6 20. O-O Qg6 21. Qh4 Nh5 22. Bf2 Bf6 23. Qh3 Rae8 24. Bd3 Nxd3 25. Rxd3 Bxc3 26. Rxc3 Nf4 0-1

[Event "January 2 Early 2024"]
[Site "https://www.chess.com"]
[Date "2024.01.02"]
[Round "2"]
[White "Arabidze, Meri"]
[Black "Ovezdurdyyeva, Jemal"]
[Result "1-0"]
[Board "108"]
[TimeControl "180+1"]
[WhiteFideId "13604040"]
[BlackFideId "14001888"]
[WhiteElo "2724"]
[BlackElo "2401"]
[WhiteTeam "GEO"]
[BlackTeam "TKM"]
[WhiteClock "0:00:35"]
[BlackClock "0:00:02"]

1. Nf3 Nf6 2. b3 g6 3. Bb2 Bg7 4. g3 O-O 5. Bg2 Nc6 6. O-O b6 7. d4 Bb7 8. c4 d6 9. Nc3 e5 10. d5 Ne7 11. Ne1 Bc8 12. e4 Bd7 13. Nd3 Qc8 14. b4 Bh3 15. c5 bxc5 16. bxc5 Bxg2 17. Kxg2 Nd7 18. Ba3 dxc5 19. Nxc5 Nxc5 20. Bxc5 Qd7 21. Qa4 Qxa4 22. Nxa4 Rfe8 23. Rfc1 f5 24. f3 Nc8 25. Be3 fxe4 26. fxe4 Nd6 27. Rxc7 Nxe4 28. Rd1 Nd6 29. Nc5 Rec8 30. Rd7 Nf5 31. Bf2 e4 32. Nxe4 Rc2 33. Rd2 Rac8 34. d6 Bh6 35. Nf6+ Kf8 36. Nxh7+ Ke8 37. Nf6+ Kf8 38. Rxc2 Rxc2 39. Ng4 Be3 40. Nxe3 Nxe3+ 41. Kf3 Nd1 42. Bxa7 Rxa2 43. Rb7 Rd2 44. d7 Ke7 45. Bc5+ 1-0

[Event "January 2 Early 2024"]
[Site "https://www.chess.com"]
[Date "2024.01.02"]
[Round "2"]
[White "Bulatova, Kamaliya"]
[Black "Vaibhav Jayant Raut"]
[Result "0-1"]
[Board "109"]
[TimeControl "180+1"]
[WhiteFideId "34111546"]
[BlackFideId "5089034"]
[WhiteElo "2394"]
[BlackElo "2724"]
[WhiteTeam "RUS"]
[BlackTeam "IND"]
[WhiteClock "0:00:00"]
[BlackClock "0:00:59"]

1. d4 Nf6 2. Bf4 b6 3. e3 Bb7 4. Nf3 d6 5. h3 Nbd7 6. Bh2 g6 7. Be2 Bg7 8. O-O O-O 9. c3 Re8 10. a4 a6 11. Nbd2 e5 12. Qb3 Qe7 13. dxe5 dxe5 14. Bc4 Nc5 15. Qa2 Nfe4 16. Nxe4 Bxe4 17. Bd5 Rad8 18. Bxe4 Nxe4 19. Rad1 Nc5 20. Qc4 a5 21. Bg3 Bf6 22. Nd2 e4 23. Nb3 Nd3 24. Qxc7 Qxc7 25. Bxc7 Rc8 26. Bg3 Nxb2 27. Rd6 Bxc3 28. Rxb6 Nxa4 29. Ra6 Nc5 30. Nxc5 Rxc5 31. Rc1 Rec8 32. Ra7 Bb4 33. Rxc5 Rxc5 34. Kh2 Kg7 35. Bd6 Rb5 36. Bc7 h5 37. Kg3 Be1 38. Bd6 g5 39. h4 Kg6 40. hxg5 Rxg5+ 41. Kf4 Rb5 42. Kxe4 Bxf2 43. Kf3 Be1 44. Bf4 Bc3 45. Ra6+ f6 46. Ra7 Rb1 47. Ra8 Rf1+ 48. Ke2 Ra1 49. Kf3 a4 50. Rg8+ Kf7 51. Ra8 a3 52. Bd6 a2 0-1

[Event "January 2 Early 2024"]
[Site "https://www.chess.com"]
[Date "2024.01.02"]
[Round "2"]
[White "Fier, Alexandr"]
[Black "Pullela, Sricharan"]
[Result "1-0"]
[Board "110"]
[TimeControl "180+1"]
[WhiteFideId "2107139"]
[BlackFideId "30951089"]
[WhiteElo "2723"]
[BlackElo "2378"]
[WhiteTeam "BRA"]
[BlackTeam "USA"]
[WhiteClock "0:01:11"]
[BlackClock "0:01:00"]

1. Nf3 Nf6 2. g3 g6 3. Bg2 Bg7 4. O-O d6 5. d4 O-O 6. c4 c5 7. Nc3 Nc6 8. dxc5 dxc5 9. Bf4 Be6 10. Qa4 a6 11. Ng5 Bd7 12. Rad1 h6 13. Nf3 Qb6 14. Nd5 Nxd5 15. cxd5 Ne5 16. Qc2 Nxf3+ 17. Bxf3 g5 18. Be3 Rac8 19. b3 Qd6 20. Bg2 b5 21. f4 g4 22. f5 Qe5 23. Qd2 Qf6 24. Rf4 h5 25. Rf2 c4 26. Bg5 Qe5 27. d6 exd6 28. f6 Bh8 29. Bh4 Be6 30. Qh6 c3 31. Rc1 Rfd8 32. Bg5 Rc5 33. Be3 Rcc8 34. Rc2 d5 35. Bc1 d4 36. Rf4 d3 37. exd3 Rxd3 38. Be4 Rd1+ 39. Kg2 Bd5 40. Qh7+ Kf8 41. Qxh8# 1-0

[Event "January 2 Early 2024"]
[Site "https://www.chess.com"]
[Date "2024.01.02"]
[Round "2"]
[White "Legenia, Artem"]
[Black "Harshavardhan G B"]
[Result "1-0"]
[Board "111"]
[TimeControl "180+1"]
[WhiteFideId "14136945"]
[BlackFideId "25059009"]
[WhiteElo "2360"]
[BlackElo "2723"]
[WhiteTeam "UKR"]
[BlackTeam "IND"]
[WhiteClock "0:00:15"]
[BlackClock "0:00:11"]

1. c4 e5 2. g3 g6 3. Bg2 Bg7 4. Nc3 Ne7 5. Nf3 Nbc6 6. O-O O-O 7. d3 d6 8. Rb1 a5 9. a3 h6 10. b4 axb4 11. axb4 Be6 12. b5 Na5 13. Nd2 f5 14. Nd5 Rb8 15. f4 b6 16. e4 fxe4 17. dxe4 Bxd5 18. cxd5 exf4 19. gxf4 Qd7 20. Kh1 Rf7 21. Nf3 Rbf8 22. Nd4 g5 23. Ne6 gxf4 24. Nxf8 Rxf8 25. Rxf4 Rxf4 26. Bxf4 Ng6 27. Be3 Nc4 28. Bd4 Nce5 29. Qh5 Qe7 30. Bh3 Nf4 31. Qf5 Qh4 32. Qc8+ Kh7 33. Bf5+ Nfg6 34. Rg1 Qf4 35. Bxg6+ Nxg6 36. Bxg7 Qf3+ 37. Rg2 Qf1+ 38. Rg1 Qf3+ 39. Rg2 Nh4 40. Qh8# 1-0

[Event "January 2 Early 2024"]
[Site "https://www.chess.com"]
[Date "2024.01.02"]
[Round "2"]
[White "Poormosavi, Seyed Kian"]
[Black "Paragua, Megan Althea"]
[Result "1-0"]
[Board "112"]
[TimeControl "180+1"]
[WhiteFideId "12585807"]
[BlackFideId "30973007"]
[WhiteElo "2722"]
[BlackElo "2358"]
[WhiteTeam "IRI"]
[BlackTeam "USA"]
[WhiteClock "0:02:36"]
[BlackClock "0:00:00"]

1. Nf3 Nf6 2. g3 e6 3. Bg2 d5 4. O-O Be7 5. b3 O-O 6. Bb2 b6 7. e3 Bb7 8. c4 Nbd7 9. d3 c5 10. Nbd2 Qc7 11. Qe2 Rfd8 12. e4 dxe4 13. dxe4 Rac8 14. e5 Ne8 15. Ne4 Qb8 16. Rad1 Qa8 17. Ne1 1-0

[Event "January 2 Early 2024"]
[Site "https://www.chess.com"]
[Date "2024.01.02"]
[Round "2"]
[White "Kleibel, Uwe"]
[Black "Dyachuk, Artem"]
[Result "0-1"]
[Board "113"]
[TimeControl "180+1"]
[WhiteFideId "1270982"]
[BlackFideId "34107924"]
[WhiteElo "2344"]
[BlackElo "2710"]
[WhiteTeam "GER"]
[BlackTeam "UKR"]
[WhiteClock "0:00:10"]
[BlackClock "0:00:34"]

1. e4 e5 2. Nf3 Nc6 3. Bc4 Nf6 4. d3 h6 5. c3 g6 6. O-O Bg7 7. Re1 O-O 8. Bb3 d5 9. exd5 Nxd5 10. Nbd2 Nf4 11. d4 exd4 12. Ne4 Ne6 13. Qc2 Re8 14. h3 a5 15. a4 dxc3 16. bxc3 Bd7 17. Be3 Qc8 18. Rad1 Nf8 19. Ng3 Be6 20. h4 Bxb3 21. Qxb3 b6 22. h5 Qe6 23. Qb5 Ne5 24. Nxe5 Qxe5 25. Qc6 Qxc3 26. Qf3 Qf6 27. Qg4 Rad8 28. hxg6 Qxg6 29. Qc4 Ne6 30. Ne4 Nd4 31. Bxd4 Rxe4 32. Rxe4 Qxe4 33. Qxc7 Rxd4 34. Rxd4 Qe1+ 35. Kh2 Be5+ 0-1

[Event "January 2 Early 2024"]
[Site "https://www.chess.com"]
[Date "2024.01.02"]
[Round "2"]
[White "Perez Gormaz, Matias"]
[Black "Poddubnyi, Viktor"]
[Result "1-0"]
[Board "114"]
[TimeControl "180+1"]
[WhiteFideId "3406342"]
[BlackFideId "4141989"]
[WhiteElo "2708"]
[BlackElo "2326"]
[WhiteTeam "CHI"]
[BlackTeam "RUS"]
[WhiteClock "0:02:23"]
[BlackClock "0:01:26"]

1. d4 g6 2. e4 Bg7 3. Nf3 d6 4. Bd3 Nf6 5. O-O O-O 6. Re1 Nc6 7. c3 e5 8. h3 Nh5 9. Bg5 Bf6 10. Be3 Qe7 11. Nbd2 g5 12. Nxe5 dxe5 13. Qxh5 exd4 14. e5 1-0

[Event "January 2 Early 2024"]
[Site "https://www.chess.com"]
[Date "2024.01.02"]
[Round "2"]
[White "Tasev, Dejan"]
[Black "Rodriguez Avila, Alvaro"]
[Result "1-0"]
[Board "116"]
[TimeControl "180+1"]
[WhiteFideId "936618"]
[BlackFideId "24570249"]
[WhiteElo "2705"]
[BlackElo "2267"]
[WhiteTeam "SRB"]
[BlackTeam "ESP"]
[WhiteClock "0:01:40"]
[BlackClock "0:00:38"]

1. e4 c5 2. Nf3 g6 3. Nc3 Bg7 4. d4 cxd4 5. Nxd4 Nc6 6. Be3 Nf6 7. Bc4 O-O 8. Bb3 a6 9. f3 b5 10. a3 Bb7 11. h4 Na5 12. Ba2 Rc8 13. Qd2 Nc4 14. Bxc4 Rxc4 15. h5 e5 16. Nde2 d5 17. exd5 Nxd5 18. O-O-O Qc7 19. hxg6 fxg6 20. Nxd5 1-0